 Dungeon Crawl Stone Soup version 0.23.2-30-g0e89c35649 (webtiles) character file.

Game seed: 9091398742859066979

24017 dvd the Thaumaturge (level 12, -4/83 HPs)
             Began as a Demonspawn Ice Elementalist on June 18, 2019.
             Was a High Priest of Vehumet.
             Slain by a polar bear (18 damage)
             ... on level 12 of the Dungeon.
             The game lasted 01:01:07 (17707 turns).

dvd the Thaumaturge (Demonspawn Ice Elementalist)  Turns: 17707, Time: 01:01:08

Health: -4/83      AC: 19    Str: 18    XL:     12   Next: 77%
Magic:  9/27       EV: 15    Int: 26    God:    Vehumet [*****.]
Gold:   431        SH:  5    Dex: 17    Spells: 7/33 levels left

rFire    . . .     SeeInvis +   K - +9 hand axe "Dopruvud" {flame, rC+ MR+ Str+6}
rCold    + . .     Gourm    .   f - +0 buckler
rNeg     . . .     Faith    .   h - +2 robe "Maudyfepn" {Str+3 Slay+2 SInv}
rPois    +         Spirit   .   H - +0 hat of the Townfolk {Dex+4}
rElec    .         Reflect  .   B - +0 cloak
rCorr    .         Harm     .   x - +0 pair of gloves
MR       +....                  L - +0 pair of boots
Stlth    +++.......             C - amulet of magic regeneration
HPRegen  0.23/turn              l - +4 ring of intelligence
MPRegen  0.45/turn              E - ring of poison resistance

@: icy armour, very slightly contaminated
A: claws 1, icy blue scales 2, spiny 1
a: Renounce Religion


You were on level 12 of the Dungeon.
You worshipped Vehumet.
Vehumet was extremely pleased with you.
You were very hungry.

You visited 4 branches of the dungeon, and saw 18 of its levels.

You collected 906 gold pieces.
You spent 475 gold pieces at shops.

Inventory:

Hand Weapons
 K - the +9 hand axe "Dopruvud" (weapon) {flame, rC+ MR+ Str+6}
   (You found it on level 11 of the Dungeon)

   It has been specially enchanted to burn those struck by it, causing extra
   injury to most foes and up to half again as much damage against particularly
   susceptible opponents.
   Big, fiery blades are also staple armaments of hydra-hunters.
   It affects your strength (+6).
   It protects you from cold.
   It affects your resistance to hostile enchantments.
Armour
 f - a +0 buckler (worn)
 h - the +2 robe "Maudyfepn" (worn) {Str+3 Slay+2 SInv}
   (You bought it in a shop on level 8 of the Dungeon)

   It affects your strength (+3).
   It affects your accuracy and damage with ranged weapons and melee attacks
   (+2).
   It lets you see invisible.
 m - a +3 leather armour of fire resistance
 n - a +1 robe of fire resistance
 w - a +1 helmet
 x - a +0 pair of gloves (worn)
 B - a +0 cloak (worn)
 H - the +0 hat of the Townfolk (worn) {Dex+4}
   (You acquired it on level 9 of the Dungeon)

   It affects your dexterity (+4).
 L - a +0 pair of boots (worn)
 M - the +0 robe of the Land of Plenty {+Fly rC+ Int+3 Slay-3}
   (You found it on level 1 of the Lair of Beasts)

   It affects your intelligence (+3).
   It affects your accuracy and damage with ranged weapons and melee attacks
   (-3).
   It protects you from cold.
   It lets you fly.
Magical Staves
 j - an uncursed staff of summoning
Jewellery
 d - an uncursed ring of see invisible
 l - a +4 ring of intelligence (left hand)
 v - an uncursed ring of ice
 A - an uncursed amulet of the acrobat
 C - an amulet of magic regeneration (around neck)
 D - a +3 amulet of reflection
 E - a ring of poison resistance (right hand)
 I - an uncursed ring of protection from fire
Wands
 s - a wand of random effects (6)
 t - a wand of acid (1)
 F - a wand of iceblast (13)
Scrolls
 a - 3 scrolls of amnesia
 e - 6 scrolls of teleportation
 g - 15 scrolls of identify
 i - 3 scrolls of magic mapping
 k - 8 scrolls of remove curse
 q - 4 scrolls of blinking
 J - a scroll of enchant armour
Potions
 b - 2 potions of might
 o - 7 potions of curing
 r - a potion of mutation
 u - a potion of magic
 G - a potion of heal wounds
Comestibles
 c - 18 rations


   Skills:
 + Level 3.9 Fighting
   Level 3.3 Short Blades
 * Level 1.0(3.8) Axes
   Level 5.9(6.0) Maces & Flails
 + Level 3.7 Armour
 + Level 5.4 Dodging
 + Level 3.3 Stealth
 + Level 2.0 Shields
 + Level 11.1 Spellcasting
 + Level 5.8 Conjurations
 + Level 3.5 Charms
 + Level 0.7 Summonings
 + Level 1.8 Translocations
 * Level 0.7 Fire Magic
 + Level 8.3 Ice Magic
 + Level 6.9 Air Magic
 + Level 0.5 Evocations


You had 7 spell levels left.
You knew the following spells:

 Your Spells              Type           Power        Failure   Level  Hunger
a - Freeze                Ice            ####         1%          1    None
b - Throw Frost           Conj/Ice       ######       1%          2    None
c - Ozocubu's Armour      Chrm/Ice       #####...     1%          3    None
d - Throw Icicle          Conj/Ice       ######..     1%          4    None
e - Blink                 Tloc           N/A          3%          2    None
f - Shock                 Conj/Air       ####         1%          1    None
g - Summon Ice Beast      Ice/Summ       #####...     9%          4    None
h - Airstrike             Air            ######....   1%          4    None
i - Fireball              Conj/Fire      ####......   11%         5    ###....

Your spell library contained the following spells:

 Spells                   Type           Power        Failure   Level  Hunger
 Ozocubu's Refrigeration  Ice            ######....   7%          6    #####..
 Magic Dart               Conj           ####         1%          1    None
 Ensorcelled Hibernation  Hex/Ice        #####.       1%          2    None
 Conjure Flame            Conj/Fire      ####....     1%          3    None
 Dazzling Spray           Conj/Hex       ####..       1%          3    None
 Mephitic Cloud           Conj/Pois/Air  #####...     1%          3    None
 Apportation              Tloc           ###...       2%          1    None
 Summon Small Mammal      Summ           ###.         3%          1    None
 Inner Flame              Hex/Fire       ###.....     3%          3    None
 Animate Skeleton         Necr           N/A          5%          1    None
 Beastly Appendage        Tmut           ##....       5%          1    None
 Confusing Touch          Hex            ##....       5%          1    None
 Corona                   Hex            ##.....      5%          1    None
 Call Imp                 Summ           ###.....     6%          2    None
 Slow                     Hex            ##......     8%          2    None
 Sticks to Snakes         Tmut           ##......     8%          2    None
 Ice Form                 Ice/Tmut       #####...     10%         4    None
 Portal Projectile        Hex/Tloc       ###...       11%         3    None
 Summon Lightning Spire   Summ/Air       ####....     11%         4    None
 Call Canine Familiar     Summ           ###.....     12%         3    None
 Summon Guardian Golem    Hex/Summ       ###.....     13%         3    None
 Confuse                  Hex            ##......     16%         3    None
 Spider Form              Tmut/Pois      ##........   16%         3    None
 Tukima's Dance           Hex            ##......     16%         3    None
 Cause Fear               Hex            ##........   45%         4    None
 Leda's Liquefaction      Hex/Erth       ##........   45%         4    None
 Blade Hands              Tmut           ##........   82%         5    ###....


Dungeon Overview and Level Annotations

Branches:
Dungeon (12/15)            Temple (1/1) D:4            Lair (4/6) D:10
  Swamp (0/4) Lair:4       Spider (0/4) Lair:4          Orc (1/2) D:10

Altars:
Ashenzari
Cheibriados
Dithmenos
Elyvilon
Fedhas
Gozag
Hepliaklqana
Kikubaaqudgha
Makhleb
Nemelex Xobeh
Okawaru
Qazlal
Ru
Sif Muna
Trog
Uskayaw
Vehumet
Wu Jian
Xom
Yredelemnul
Zin
The Shining One

Shops:
D:8 }([=}


Innate Abilities, Weirdness & Mutations

You have sharp fingernails.
You are mostly covered in icy blue scales. (AC +3)
You are partially covered in sharp spines.


Message History

Aiming: Shock (safe; 1% risk of failure)
Press: ? - help, Shift-Dir - straight line The zap hits the polar bear.
The polar bear is almost dead.
The zap hits the yak.
The yak is lightly wounded.
The zap hits the yak.
The yak is lightly wounded.
The zap hits the white imp.
The white imp is lightly wounded.
The zap hits the white imp.
The white imp is moderately wounded.
The polar bear is struck by your spines.
The polar bear bites you!!
* * * LOW HITPOINT WARNING * * *
The polar bear claws you but does no damage.
The polar bear misses you.
The polar bear is struck by your spines.
The polar bear bites you!!
You die...

..###### .......
##.# ..# ..## .#
.... #.###..# ..#
.#. #.##...# #.#
#.. #....#)####
#.##55 ..........#
#.#Y5
.<...#..#.####.#h#
####..)........#@#
#####..).[....#
#..........#
#........[.#
..........)..#
###.............
#..............
##..............
................


You could see a polar bear (berserk), a yak, 2 white imps and an ufetubus.

Vanquished Creatures
  The ghost of Pyrotika the Fighter, a journeyman HOFi of Uskayaw (D:10)
  4 hydras
  2 two-headed ogres
  An unseen horror (D:10)
  An elephant (Lair:3)
  The ghost of caleiya the Digger, a novice GrEE (D:6)
  6 spiny frogs
  A gargoyle (D:10)
  3 komodo dragons
  A rime drake (Lair:2)
  2 trolls
  A queen bee (D:11)
  2 polar bears
  4 blink frogs (Lair:1)
  A slime creature (D:11)
  A hippogriff (D:9)
  24 yaks
  2 fire bats (Lair:2)
  4 basilisks
  2 hungry ghosts
  2 steam dragons
  Edmund (D:6)
  4 water moccasins
  9 porcupines
  5 orc warriors
  An ice beast (D:9)
  3 black bears
  A necrophage (D:8)
  6 ogres
  2 centaurs
  6 crocodiles
  A big kobold (D:9)
  A gnoll sergeant (D:10)
  10 bullfrogs
  6 scorpions
  24 killer bees
  3 wights (D:12)
  3 electric eels (D:10)
  3 howler monkeys
  7 hounds
  A crimson imp (D:5)
  7 jellies
  2 bullfrog skeletons
  11 orc wizards
  4 orc priests
  4 centaur skeletons
  Jessica (D:2)
  3 iguanas
  4 worker ants
  2 hound skeletons
  A howler monkey zombie (D:6)
  4 worker ant zombies
  7 gnolls
  12 adders
  2 shadow imps
  A white imp (D:12)
  10 oozes (D:11)
  An adder skeleton (D:7)
  An adder zombie (D:5)
  2 dart slugs
  4 leopard geckos
  31 orcs
  8 giant cockroaches
  10 goblins
  6 hobgoblins
  2 jackals (D:8)
  8 quokkas
  9 bats
  3 frilled lizards
  2 jackal skeletons (D:5)
  19 kobolds
  A quokka zombie (D:10)
  8 rats
353 creatures vanquished.

Vanquished Creatures (collateral kills)
  A hippogriff (Lair:1)
  A blink frog (Lair:1)
  7 yaks
  An orc warrior (D:10)
  A crocodile (D:10)
  A bullfrog (Lair:1)
  An orc wizard (Orc:1)
  An orc (D:10)
14 creatures vanquished.

Vanquished Creatures (others)
  2 bushes (D:10)
  8 fungi
  13 plants (D:10)
23 creatures vanquished.

Grand Total: 390 creatures vanquished

Notes
Turn   | Place    | Note
-------+----------+-------------------------------------------
     0 | D:1      | dvd the Demonspawn Ice Elementalist began the quest for the
                  | Orb.
     0 | D:1      | Reached XP level 1. HP: 13/13 MP: 3/3
   209 | D:1      | Gained mutation: You are partially covered in icy blue
                  | scales. (AC +2) [demonic ancestry]
   209 | D:1      | Reached XP level 2. HP: 18/19 MP: 0/5
   801 | D:1      | Learned a level 2 spell: Throw Frost
   964 | D:1      | Reached XP level 3. HP: 18/24 MP: 1/6
  1444 | D:2      | Noticed Jessica
  1448 | D:2      | Killed Jessica
  1448 | D:2      | Gained mutation: You are mostly covered in icy blue scales.
                  | (AC +3) [demonic ancestry]
  1448 | D:2      | Reached XP level 4. HP: 30/30 MP: 4/8
  1492 | D:2      | Reached skill level 3 in Spellcasting
  1625 | D:2      | Learned a level 3 spell: Ozocubu's Armour
  1795 | D:2      | Found a shadowy altar of Dithmenos.
  1796 | D:2      | Found a stormy altar of Qazlal.
  2111 | D:3      | Reached XP level 5. HP: 35/35 MP: 6/9
  2169 | D:3      | Found a shimmering altar of Xom.
  2350 | D:3      | Found a burning altar of Makhleb.
  3065 | D:4      | Found a staircase to the Ecumenical Temple.
  3071 | Temple   | Entered the Ecumenical Temple
  3084 | Temple   | Became a worshipper of Vehumet
  3245 | D:4      | Learned a level 4 spell: Throw Icicle
  3395 | D:4      | Reached skill level 1 in Armour
  3395 | D:4      | Reached XP level 6. HP: 38/41 MP: 1/11
  3762 | D:4      | Reached skill level 4 in Spellcasting
  3898 | D:5      | Entered Level 5 of the Dungeon
  3907 | D:5      | Reached skill level 1 in Short Blades
  3950 | D:5      | Found a sacrificial altar of Ru.
  4178 | D:5      | Noticed a water moccasin
  4188 | D:5      | Killed a water moccasin
  4188 | D:5      | Reached skill level 5 in Ice Magic
  4188 | D:5      | Reached XP level 7. HP: 43/47 MP: 5/14
  4303 | D:5      | Reached skill level 5 in Spellcasting
  4477 | D:5      | Learned a level 2 spell: Blink
  4762 | D:6      | Reached * piety under Vehumet
  4762 | D:6      | Offered knowledge of Shock by Vehumet.
  5058 | D:6      | Found a shattered altar of Ashenzari.
  5124 | D:6      | Found a runed translucent door.
  5124 | D:6      | Noticed caleiya's ghost (novice GrEE)
  5158 | D:6      | Noticed Edmund
  5175 | D:6      | Killed Edmund
  5175 | D:6      | Reached XP level 8. HP: 29/53 MP: 0/16
  5176 | D:6      | Found a glowing silver altar of Zin.
  5387 | D:6      | Reached skill level 1 in Fighting
  5504 | D:6      | Found an iron altar of Okawaru.
  5830 | D:7      | Reached skill level 1 in Charms
  5837 | D:7      | Learned a level 1 spell: Shock
  5963 | D:7      | Reached skill level 6 in Spellcasting
  6049 | D:7      | Found a blossoming altar of Fedhas.
  6634 | D:8      | Found Icsoemn's Antique Weapon Shop.
  6661 | D:8      | Reached ** piety under Vehumet
  6661 | D:8      | Offered knowledge of Sting by Vehumet.
  6743 | D:8      | Found Betup's Armour Emporium.
  6798 | D:8      | Found Kocein's Jewellery Emporium.
  7005 | D:8      | Found Wotem's Gadget Shop.
  7135 | D:8      | Found Lunnor's Gadget Boutique.
  7462 | D:8      | Reached skill level 1 in Maces & Flails
  7462 | D:8      | Reached XP level 9. HP: 59/61 MP: 11/18
  7717 | D:9      | Found a bloodstained altar of Trog.
  7763 | D:9      | Identified a scroll of acquirement
  7764 | D:9      | Got a pitted hat
  7775 | D:9      | Identified the +0 hat of the Townfolk {Dex+4} (You acquired
                  | it on level 9 of the Dungeon)
  7967 | D:9      | Found a deep blue altar of Sif Muna.
  8033 | D:9      | Identified Sif Muna's Collected Works on Lightness
  8227 | D:9      | Reached skill level 7 in Spellcasting
  8425 | D:9      | Noticed a troll
  8431 | D:9      | Killed a troll
  8431 | D:9      | Reached skill level 1 in Translocations
  8523 | D:10     | Entered Level 10 of the Dungeon
  8608 | D:10     | Offered knowledge of Searing Ray by Vehumet.
  8687 | D:10     | Found a staircase to the Orcish Mines.
  8862 | D:10     | Reached *** piety under Vehumet
  8866 | D:10     | Noticed a two-headed ogre
  8867 | D:10     | Found a staircase to the Lair.
  8878 | D:10     | Gained mutation: You have sharp fingernails. [demonic
                  | ancestry]
  8878 | D:10     | Reached XP level 10. HP: 68/68 MP: 14/21
  8881 | D:10     | Noticed a gargoyle
  8883 | D:10     | Reached skill level 8 in Spellcasting
  8885 | D:10     | Killed a two-headed ogre
  9223 | D:10     | Found a runed translucent door.
  9225 | D:10     | Noticed Pyrotika's ghost (journeyman HOFi)
  9231 | D:10     | Learned a level 4 spell: Summon Ice Beast
  9283 | D:10     | Offered knowledge of Airstrike by Vehumet.
  9550 | D:9      | Learned a level 4 spell: Airstrike
  9594 | D:10     | Reached skill level 1 in Air Magic
  9611 | D:10     | Killed a gargoyle
  9694 | D:10     | Reached skill level 9 in Spellcasting
  9961 | D:10     | Reached XP level 11. HP: 58/73 MP: 22/24
 10216 | D:10     | Reached **** piety under Vehumet
 10403 | D:10     | Reached skill level 1 in Shields
 10861 | D:11     | Noticed a two-headed ogre
 10866 | D:11     | Killed a two-headed ogre
 11731 | Lair:1   | Entered Level 1 of the Lair of Beasts
 11742 | Lair:1   | Offered knowledge of Fireball by Vehumet.
 11963 | Lair:1   | Reached skill level 5 in Conjurations
 12750 | Lair:1   | Got a ripped robe
 12751 | Lair:1   | Identified the +0 robe of the Land of Plenty {+Fly rC+
                  | Int+3 Slay-3} (You found it on level 1 of the Lair of
                  | Beasts)
 13127 | Lair:2   | Noticed a four-headed hydra
 13129 | Lair:2   | Reached skill level 5 in Maces & Flails
 13369 | Lair:2   | Killed a four-headed hydra
 13371 | Lair:2   | Reached skill level 10 in Spellcasting
 13649 | Lair:2   | Noticed a five-headed hydra
 13657 | Lair:2   | Killed a five-headed hydra
 13657 | Lair:2   | Reached skill level 5 in Dodging
 13657 | Lair:2   | Reached skill level 5 in Air Magic
 13724 | Lair:2   | Gained mutation: You are partially covered in sharp spines.
                  | [demonic ancestry]
 13724 | Lair:2   | Reached XP level 12. HP: 26/83 MP: 15/26
 14118 | Lair:2   | You fall through a shaft for 2 floors!
 14365 | Lair:4   | Found a staircase to the Swamp.
 15728 | Lair:3   | Noticed a six-headed hydra
 15732 | Lair:3   | Killed a six-headed hydra
 16189 | D:6      | Killed caleiya's ghost
 16286 | Orc:1    | Entered Level 1 of the Orcish Mines
 16287 | Orc:1    | Noticed a two-headed ogre
 16290 | Orc:1    | Noticed an ogre mage
 16292 | Orc:1    | Noticed a two-headed ogre
 16541 | D:10     | Killed Pyrotika's ghost
 16911 | D:8      | Bought the +2 robe "Maudyfepn" {Str+3 Slay+2 SInv} for 475
                  | gold pieces
 16927 | D:8      | Learned a level 5 spell: Fireball
 17158 | D:11     | Found a sparkling altar of Nemelex Xobeh.
 17296 | D:11     | Reached ***** piety under Vehumet
 17308 | D:11     | Reached skill level 11 in Spellcasting
 17537 | D:11     | Got a shimmering hand axe
 17538 | D:11     | Identified the +9 hand axe "Dopruvud" {flame, rC+ MR+
                  | Str+6} (You found it on level 11 of the Dungeon)
 17585 | D:11     | Offered knowledge of Ozocubu's Refrigeration by Vehumet.
 17691 | D:12     | Noticed a five-headed hydra
 17701 | D:12     | Killed a one-headed hydra
 17701 | D:12     | Reached skill level 1 in Axes
 17707 | D:12     | Slain by a polar bear

Skill      XL: |  1  2  3  4  5  6  7  8  9 10 11 12 |
---------------+-------------------------------------+-----
Ice Magic      | 3 4 5 6 7 8 |  8.3
Dodging        | 2 3 4 5 |  5.4
Stealth        | 2 3 |  3.3
Spellcasting   | 3 4 5 6 7 9 10 11 | 11.1
Armour         | 1 2 3 |  3.7
Short Blades   | 1 2 3 |  3.3
Conjurations   | 2 3 4 5 |  5.8
Fighting       | 2 3 |  3.9
Charms         | 1 2 3 |  3.5
Maces & Flails | 1 3 4 5 |  5.9
Translocations | 1 |  1.8
Air Magic      | 2 5 6 |  6.9
Shields        | 2 |  2.0
Axes           | 1 |  1.0
Summonings     | |  0.7
Fire Magic     | |  0.7
Evocations     | |  0.5

Action                   |  1- 3 |  4- 6 |  7- 9 | 10-12 || total
-------------------------+-------+-------+-------+-------++-------
Melee: Short sword       |     7 |    48 |   138 |       ||   193
       Mace              |       |       |    87 |    96 ||   183
       Dire flail        |       |       |       |   148 ||   148
       Hand axe          |       |       |       |    16 ||    16
 Cast: Freeze            |    39 |    78 |    98 |    27 ||   242
       Throw Frost       |     5 |    33 |    55 |    41 ||   134
       Ozocubu's Armour  |       |     3 |    23 |    41 ||    67
       Throw Icicle      |       |       |    25 |    88 ||   113
       Shock             |       |       |    24 |    98 ||   122
       Blink             |       |       |    11 |    11 ||    22
       Airstrike         |       |       |       |   101 ||   101
       Summon Ice Beast  |       |       |       |    20 ||    20
       Fireball          |       |       |       |     1 ||     1
Evoke: Wand              |       |       |     7 |     4 ||    11
  Use: Scroll            |       |     5 |    11 |     9 ||    25
       Potion            |       |       |       |    11 ||    11
 Stab: Sleeping          |     2 |     2 |       |       ||     4
       Distracted        |       |       |       |     1 ||     1
  Eat: Chunk             |     2 |    10 |    18 |    19 ||    49
       Ration            |       |       |     3 |     3 ||     6
Armor: Robe              |     8 |       |       |    29 ||    37
       Leather armour    |     4 |    42 |   162 |   233 ||   441
       Skin              |       |       |       |     7 ||     7
Dodge: Dodged            |    20 |    96 |   207 |   366 ||   689
Block: Buckler           |       |       |       |    24 ||    24
